 Dungeon Crawl Stone Soup version 0.28-a0-401-ge240ad9e29 (webtiles) character file.

Game seed: 12427949785714446306

41 heikuro the Skirmisher (level 3, 0/30 HPs)
             Began as a Formicid Abyssal Knight on Sept 4, 2021.
             Was a Follower of Lugonu.
             Slain by an adder (3 damage)
             ... on level 2 of the Dungeon.
             The game lasted 00:02:55 (1782 turns).

heikuro the Skirmisher (Formicid Abyssal Knight)    Turns: 1782, Time: 00:02:56

Health: 0/30       AC:  3    Str: 17    XL:     3   Next: 75%
Magic:  5/5        EV: 11    Int: 11    God:    Lugonu [*.....]
Gold:   98         SH:  0    Dex: 10    Spells: 2/2 levels left

rFire   . . .      SeeInvis +   a - +1 hand axe
rCold   . . .      Faith    .   (no shield)
rNeg    . . .      Spirit   .   b - +0 leather armour
rPois   .          Reflect  .   (helmet unavailable)
rElec   .          Harm     .   (no cloak)
rCorr   .          Rampage  .   (no gloves)
Will    .....                   (no boots)
Stlth   +.........              j - amulet of magic regeneration
HPRegen 0.10/turn               i - +4 ring of slaying
MPRegen 0.34/turn               (no ring)

@: no status effects
A: permanent stasis, dig shafts and tunnels, antennae 3, four strong arms
a: Dig, Shaft Self, Renounce Religion, Depart the Abyss


You were on level 2 of the Dungeon.
You worshipped Lugonu.
Lugonu was aware of your devotion.
You visited 1 branch of the dungeon, and saw 2 of its levels.
You visited the Abyss 1 time.

You collected 98 gold pieces.

Inventory:

Hand Weapons
 a - a +1 hand axe (weapon)
 h - a +2 dagger of protection
Armour
 b - a +0 leather armour (worn)
Jewellery
 i - a +4 ring of slaying (left hand)
 j - an amulet of magic regeneration (around neck)
Scrolls
 c - a scroll of teleportation {unknown}
 d - a scroll of identify {unknown}
 f - a scroll of amnesia {unknown}
 k - a scroll of fear {unknown}
Potions
 e - a potion of magic {unknown}
 g - 3 potions of curing {unknown}
 l - a potion of might {unknown}
 m - a potion of flight {unknown}


   Skills:
 + Level 3.6 Fighting
 * Level 2.8 Axes
 + Level 2.6 Armour
 - Level 1.0 Dodging
 + Level 2.7 Invocations


You had 2 spell levels left.
You didn't know any spells.
Your spell library was empty.

Dungeon Overview and Level Annotations

Branches:
Dungeon (2/15)

Altars:

Shops:
D:2 *


Innate Abilities, Weirdness & Mutations

You cannot be hasted, slowed, berserked, paralysed or teleported.
You can dig through walls and to a lower floor.
You have a pair of large antennae on your head. (SInv)
Your four strong arms can wield two-handed weapons with a shield.


Message History

You closely miss the adder. The adder barely misses you.
The bat hits you but does no damage. The bat barely misses you.
The adder barely misses you.
You hit the adder.
The adder is heavily wounded.
You hit the bat but do no damage. The bat hits you but does no damage.
The adder bites you.
You are poisoned.
The adder poisons you!
You barely miss the adder.
The adder is heavily wounded.
You hit the quokka but do no damage.
You feel sick. The quokka barely misses you. The adder barely misses you. x2
The quokka closely misses you.
You hit the adder.
The adder is heavily wounded.
You hit the quokka.
You feel sick. The adder bites you. The quokka bites you.
You hit the adder but do no damage.
The adder is heavily wounded.
You barely miss the quokka.
You feel sick. The adder closely misses you. The quokka barely misses you.
The adder misses you.
You feel sick.
You feel sick. The quokka bites you.
You feel sick.
You are no longer poisoned.
The quokka bites you.
* * * LOW HITPOINT WARNING * * *
The quokka completely misses you. The quokka bites you.
* * * LOW HITPOINT WARNING * * *
You see here a +0 robe.
The quokka bites you.
* * * LOW HITPOINT WARNING * * *
The adder barely misses you. The bat hits you but does no damage.
The bat barely misses you. The bat closely misses you.
The bat hits you but does no damage. The bat closely misses you.
The bat hits you but does no damage. The adder bites you.
You die...

#......# +###
#####.## #.# ##.##
##.r.#### #.......+
{ ##..b##.#{ {
#S.###.# ###.@# #.#
#....# #.# #.#.##
#†#####+#
#.#.####.......# #
#......#####.#
######.# ##.##
.######.####...#####
....................
#######........#####


You could see an adder, a quokka and a bat.

Vanquished Creatures
  2 worms (D:2)
  A dart slug (D:2)
  3 endoplasms (D:1)
  2 giant cockroaches (D:1)
  2 goblins (D:1)
  3 hobgoblins
  4 jackals (D:1)
  3 quokkas (D:1)
  2 ball pythons
  3 bats (D:1)
  2 kobolds (D:1)
  2 rats
29 creatures vanquished.

Vanquished Creatures (others)
  5 demonic plants (D:1)
  A fungus (D:1)
  A plant (D:1)
7 creatures vanquished.

Grand Total: 36 creatures vanquished

Notes
Turn   | Place    | Note
-------+----------+-------------------------------------------
     0 | Abyss:1  | heikuro the Formicid Abyssal Knight began the quest for the
                  | Orb.
     0 | Abyss:1  | Reached XP level 1. HP: 18/18 MP: 2/2
    50 | Abyss:1  | Noticed an Executioner
    50 | Abyss:1  | Noticed a large abomination
    52 | D:1      | Escaped the Abyss
    85 | D:1      | Reached skill level 1 in Dodging
   323 | D:1      | Reached XP level 2. HP: 20/24 MP: 3/3
   406 | D:1      | Reached * piety under Lugonu
   516 | D:1      | Found a faded altar of an unknown god.
   949 | D:1      | Reached XP level 3. HP: 23/29 MP: 4/4
  1751 | D:2      | Found Monev's Assorted Antiques.
  1782 | D:2      | Slain by an adder

Illustrated notes

Levels and vault maps discovered:
D:1:      dpeg_arrival_stonehenge_12_columns, layout_loops_ring,
          shapermc_ecumenical_altar_gd
D:2:      wad_crossroads, layout_loops_corners, serial_shops,
          nicolae_shop_overgrown_old_shop, shop_coins,
          nicolae_shop_overgrown_old_shop, shop, chequers_serial_rivers_micro_d,
          feat_on_display, uniq_robin

Skill      XL: |  1 |
---------------+----+-----
Dodging        | 1 |  1.0
Fighting       | |  3.6
Axes           | |  2.8
Armour         | |  2.6
Invocations    | |  2.7

Action                   || total
-------------------------++-------
Melee: Hand axe          ||    95
Invok: Depart the Abyss  ||     1
Armor: Leather armour    ||    38
Dodge: Dodged            ||    62

Table legend: (Time is in decaauts)
 A = Elapsed time spent in this place.
 B = Non-inter-level travel time spent in this place.
 C = Inter-level travel time spent in this place.
 D = Time resting spent in this place.
 E = Time spent auto-exploring this place.
 F = Levels seen in this place.
 G = Mean time per level.
                   A        B        C        D        E       F      G
               +--------+--------+--------+--------+--------+-----+--------+
         Total |   1799 |   1776 |     23 |    687 |    563 |   3 |  599.7 |
       Dungeon |   1745 |   1722 |     23 |    687 |    558 |   2 |  872.5 |
         Abyss |     53 |     53 |      0 |      0 |      5 |   1 |   53.0 |
               +--------+--------+--------+--------+--------+-----+--------+

Top non-repeatable levels by time:
     D:1: 1431 daAuts
     D:2: 314 daAuts
 Abyss:1: 53 daAuts
